[Event "*** Titled Tuesday Blitz"]
[Site "Chess.com"]
[Date "2020.12.01"]
[Round "4"]
[White "gmpeter008"]
[Black "Sashadav97"]
[Result "0-1"]
[WhiteElo "2427"]
[BlackElo "2632"]
[TimeControl "180+1"]
[EndTime "10:39:15 PST"]
[Termination "Sashadav97 won by checkmate"]

1. d4 Nf6 2. Bf4 e6 3. e3 b6 4.
Nf3 Bb7 5. a4 a5 6. c3 Be7 7. Nbd2 O-O 8. Bd3 Nh5 9. Bg3 h6 10.
Ne5 Nxg3 11. hxg3 d6 12. Nef3 Nd7 13. Be4 d5 14. Bd3 f5 15. Qe2 Bd6 16. Nh4 Qf6 17. f4 g5 18. Nhf3 g4 19. Ne5 Bxe5 20. fxe5 Qg5 21.
Qf2 Kg7 22. Nb3 h5 23. Nc1 Rh8 24. Ne2 Nf8 25. Nf4 Bc8 26. O-O-O Ng6 27. Bb5 Nxf4 28. exf4 Qe7 29. Rh4 Bd7 30. Rdh1 Kg6 31. Qe2 c6 32. Bd3 c5 33. Bb5 c4 34. Bxd7 Qxd7 35. Qc2 b5 36. Kb1 b4 37. Kc1 Rab8 38. cxb4 Rxb4 39. Rxg4+ hxg4 40. Rxh8 Rxa4 41. Rg8+ Kf7 42. Rh8 Qb5 43. Rh7+ Kg6 44. Rh2 Ra1+ 45. Kd2 Ra2 46. Kc1 Qb4 47. Qc3 Qa4 48. Rh1 Ra1+ 49. Kd2 Rxh1 50. Ke3 Qd1 51. Qxa5 Re1+ 52. Kf2 Qe2# 0-1

[Event "*** Titled Tuesday Blitz"]
[Site "Chess.com"]
[Date "2020.12.01"]
[Round "4"]
[White "Witik"]
[Black "PelinGorki"]
[Result "0-1"]
[WhiteElo "2606"]
[BlackElo "2421"]
[TimeControl "180+1"]
[EndTime "10:39:16 PST"]
[Termination "PelinGorki won by resignation"]

1. e4 d6 2. d4 Nf6 3. Nc3 c6 4. h3 g6 5. g4 Bg7 6. Nge2 b5 7.
Ng3 b4 8. Nce2 Bb7 9. g5 Nfd7 10. h4 a5 11. h5 Na6 12. h6 Bf8 13. f4 Qc7 14.
Bh3 e5 15. O-O exd4 16. Qxd4 Rg8 17. Be3 c5 18. Qd2 O-O-O 19. a3 Kb8 20. axb4 axb4 21. c3 Nb6 22. b3 d5 23. Rfd1 Be7 24. cxb4 dxe4 25.
Qb2 Nxb4 26. Rxd8+ Rxd8 27. Qa3 Bc6 28. Rc1 Bb5 29. Nc3 Bd3 30. Ncxe4 N6d5 31. Bxc5 Bxc5+ 32. Nxc5 Qxf4 33. Kh2 Qd2+ 34. Bg2 Qxg5 35. Rf1 Qxh6+ 36. Kg1 Qe3+ 37. Rf2 Qxc5 38. Qb2 Qc3 39. Kh2 Qxb2 40. Rxb2 Ne3 41. Rd2 Nxg2 42. Kxg2 f5 43. Kf2 f4 44. Ne4 Kc7 45. Nc5 Kc6 46. Nxd3 Rxd3 47. Rxd3 Nxd3+ 48.
Kf3 Nc5 49. Kxf4 Nxb3 50. Kg5 h5 51. Kh6 h4 0-1

[Event "*** Titled Tuesday Blitz"]
[Site "Chess.com"]
[Date "2020.12.01"]
[Round "4"]
[White "yonaltimur"]
[Black "Fortitudine"]
[Result "0-1"]
[WhiteElo "1789"]
[BlackElo "2351"]
[TimeControl "180+1"]
[EndTime "10:39:16 PST"]
[Termination "Fortitudine won on time"]

1. e4 c5 2. Nf3 d6 3. d4 cxd4 4. Qxd4 Nc6 5. Bb5 Bd7 6. Bxc6 Bxc6 7. Nc3 Nf6 8. Bg5 e6 9. O-O-O Be7 10. Rhe1 Qa5 11. e5 dxe5 12. Rxe5 Qb6 13. Qxb6 axb6 14. Ree1 O-O 15. Kb1 Rfd8 16. Be3 b5 17. Bb6 Rxd1+ 18. Rxd1 b4 19. Ne2 Bxf3 20. gxf3 Nd5 21. Bd4 f6 22. h4 Kf7 23. h5 Rd8 24. Ba7 e5 25. Be3 Ke6 26.
Kc1 Ra8 27. Kb1 Rd8 28. Kc1 g6 29. h6 f5 30. f4 exf4 31. Nxf4+ Nxf4 32. Bxf4 Rxd1+ 33. Kxd1 g5 34. Be3 Kd5 35. Kd2 f4 36. Bb6 Bf8 37. c3 bxc3+ 38. bxc3 Bxh6 39. a4 Kc6 40. a5 Bg7 41. Kd3 Be5 42. c4 Bf6 43. Ke4 h6 44.
Kf5 Bg7 45. Kg4 Bf8 46. Kh5 Be7 47. Kg4 Bc5 48. Bxc5 Kxc5 0-1

[Event "*** Titled Tuesday Blitz"]
[Site "Chess.com"]
[Date "2020.12.01"]
[Round "4"]
[White "Matols"]
[Black "vladimirdamjanovic"]
[Result "0-1"]
[WhiteElo "2228"]
[BlackElo "2458"]
[TimeControl "180+1"]
[EndTime "10:39:17 PST"]
[Termination "vladimirdamjanovic won on time"]

1. d4 Nf6 2. c4 c5 3. d5 b5 4. cxb5 a6 5. bxa6 Bxa6 6. Nc3 d6 7. Nf3 g6 8. g3 Bg7 9. Bg2 Nbd7 10. Rb1 O-O 11. O-O Rb8 12. b3 Ng4 13. Bb2 Nge5 14. Nd2 c4 15. h3 cxb3 16. axb3 Nc5 17. Nce4 Nxe4 18. Bxe4 Qb6 19. Kh2 f5 20. Bg2 f4 21.
gxf4 Rxf4 22. Ne4 Qxb3 23. Ng5 Qxd1 24. Rfxd1 Rxf2 25. Ne6 Bh6 26. Bxe5 Rxb1 27. Rxb1 dxe5 28. Rb8+ Kf7 29. Nd8+ Kf6 30. Rb6+ Kg5 31. Rxa6 Kh4 32. Ne6 Rxe2 33. Ra4+ Kh5 34. Kg3 Bf4+ 35. Nxf4+ exf4+ 36. Rxf4 Re3+ 37. Bf3+ Kh6 38. Rf7 g5 39. Kg4 Kg6 40.
Rf8 h5+ 41. Kg3 Rd3 42. Kf2 Kg7 43. Re8 Rd2+ 44. Kg3 Kf7 45. Rh8 h4+ 46. Kg4 Rh2 47. Rh7+ Kf6 48. Rh6+ Kg7 49. Re6 Kf7 50. Be4 Kf8 51.
Kf5 Rxh3 52. Kxg5 Rh2 53. Rh6 h3 54. Kf5 Rf2+ 55. Ke6 h2 56. Rh8+ Kg7 57. Rh4 Rf6+ 0-1

[Event "*** Titled Tuesday Blitz"]
[Site "Chess.com"]
[Date "2020.12.01"]
[Round "4"]
[White "youngKID"]
[Black "chess94cu"]
[Result "1-0"]
[WhiteElo "2851"]
[BlackElo "2564"]
[TimeControl "180+1"]
[EndTime "10:39:18 PST"]
[Termination "youngKID won by resignation"]

1. e4 e5 2. Nf3 Nc6 3. Bb5 a6 4. Ba4 Nf6 5. d3 d6 6. c3 g6 7. O-O Bg7 8. h3 O-O 9. Be3 Re8 10. Nbd2 h6 11. Re1 Be6 12. d4 exd4 13. cxd4 Bd7 14. d5 Ne5 15. Nxe5 Rxe5 16. Bd4 Re7 17. Rc1 Bxa4 18. Qxa4 Qe8 19. Qc4 Nxe4 20. Rxe4 Rxe4 21.
Nxe4 Qxe4 22. Bxg7 Qxc4 23. Rxc4 Kxg7 24. Rxc7 Re8 25.
Rxb7 Re5 26. Rb6 Rxd5 27. Rxa6 Rd1+ 28. Kh2 Rd2 29. Rb6 Rxf2 30. a4 d5 31. a5 d4 32.
a6 Rf1 33. b4 Ra1 34. Rd6 d3 35. b5 Ra5 36. Rxd3 Rxb5 37. Ra3 Rb8 38. a7 Ra8 39. Kg3 Kf6 40. Kf4 h5 41. h4 Ke6 42. Kg5 Ke5 43.
Ra1 Ke6 44. g3 Ke5 45. Re1+ Kd6 46. Ra1 Ke5 47. Ra6 Kd5 48. Kf6 Ke4 49. Kxf7 Kf3 50.
Ra3+ Kg4 51. Kxg6 Rg8+ 52. Kf7 Ra8 53. Ke7 Kh3 54. Kd7 Kg4 55. Kc7 Rxa7+ 56. Rxa7 Kxg3 57.
Ra4 1-0

[Event "*** Titled Tuesday Blitz"]
[Site "Chess.com"]
[Date "2020.12.01"]
[Round "4"]
[White "moro182"]
[Black "Parhamov"]
[Result "0-1"]
[WhiteElo "2716"]
[BlackElo "2922"]
[TimeControl "180+1"]
[EndTime "10:39:19 PST"]
[Termination "Parhamov won on time"]

1. d4 Nf6 2. c4 e6 3. Nc3 Bb4 4.
e3 O-O 5. Bd3 b6 6. Nf3 Bb7 7. O-O c5 8. Na4 cxd4 9. exd4 Be7 10. a3 d6 11. Bf4 Nbd7 12. Re1 Re8 13. Nc3 Bf8 14. Bg5 h6 15. Bh4 Qc7 16. Rc1 Rac8 17.
Bg3 Qb8 18. b4 a6 19. c5 Nh5 20. Bb1 Nxg3 21. hxg3 bxc5 22. dxc5 Red8 23. cxd6 Bxd6 24. Be4 Nf6 25. Bxb7 Qxb7 26. Qe2 Bb8 27. Ne4 Nxe4 28. Rxc8 Qxc8 29. Qxe4 Ba7 30. Qe2 Rd7 31. Ne5 Rc7 32. Rd1 f6 33. Nd3 e5 34. Kh2 Qf5 35. Rd2 Bd4 36. a4 Rc3 37. b5 axb5 38. axb5 Kh7 39.
Nb4 Bxf2 40. Nd5 Bxg3+ 41. Kg1 Rc1+ 42. Rd1 Rxd1+ 43. Qxd1 Qf2+ 44. Kh1 e4 45. b6 Qf5 46. b7 Qg5 0-1

[Event "*** Titled Tuesday Blitz"]
[Site "Chess.com"]
[Date "2020.12.01"]
[Round "4"]
[White "Angel_Hranitel_37"]
[Black "PaulfromSPb"]
[Result "0-1"]
[WhiteElo "2469"]
[BlackElo "2673"]
[TimeControl "180+1"]
[EndTime "10:39:20 PST"]
[Termination "PaulfromSPb won by resignation"]

1. d4 Nf6 2. Nf3 c5 3. d5 e6 4. c4 exd5 5. cxd5 g6 6. Nc3 d6 7. Nd2 a6 8. a4 Nbd7 9. e4 Bg7 10. Be2 O-O 11. O-O Re8 12. h3 Rb8 13. a5 Qc7 14. Qc2 b5 15. axb6 Rxb6 16. f4 Bb7 17. Nc4 Rb4 18. Bd3 Nb6 19. Ne3 c4 20. Be2 Qc5 21.
Kh2 h5 22. Bd2 Qd4 23. Bf3 Qd3 24. Qc1 Bh6 25. Nc2 Rxb2 26. Qxb2 Qxd2 27. Qxb6 Bxf4+ 28. Kh1 Qxc3 29. Qxb7 Qxc2 30. Qc6 Be5 31. Rxa6 Qd3 32.
Rc1 c3 33. Ra8 Rxa8 34. Qxa8+ Kg7 35. Qa7 Nxe4 36. Bxe4 Qxe4 37. Qf2 Qxd5 38. Qe3 Qe6 39. Rc2 Qf5 40. Rc1 d5 41. Qe2 d4 42. Rf1 Qe6 43.
Qd3 Bf6 44. Rf2 Qe1+ 45. Rf1 Qe5 46. Qa6 Bg5 47. Qd3 Be3 48. Qc4 Qe7 49. Qd3 Qc7 50.
Re1 c2 51. Rxe3 c1=Q+ 52. Re1 Qxe1+ 0-1

[Event "*** Titled Tuesday Blitz"]
[Site "Chess.com"]
[Date "2020.12.01"]
[Round "4"]
[White "Gerasimenyuk_Miha"]
[Black "rududuyk"]
[Result "1/2-1/2"]
[WhiteElo "2407"]
[BlackElo "2213"]
[TimeControl "180+1"]
[EndTime "10:39:20 PST"]
[Termination "Game drawn - insufficient material"]

1. e4 e6 2. g3 d5 3. exd5 exd5 4. Bg2 Nf6 5. Ne2 c5 6. O-O Nc6 7. Re1 Be7 8. d4 O-O 9. dxc5 Bxc5 10. Bg5 Bg4 11.
Be3 Bxe3 12. fxe3 Re8 13. Qd3 Qb6 14. Nf4 Qxb2 15. Nc3 Nb4 16. Qd2 Rac8 17. Ncxd5 Nbxd5 18. Rab1 Qxc2 19. Qxc2 Rxc2 20. Nxd5 Nxd5 21. Bxd5 b6 22. Rf1 Be6 23. Bxe6 Rxe6 24. Rbd1 f6 25. Rf2 Rc3 26. Rd8+ Kf7 27. Rd7+ Re7 28. Rxe7+ Kxe7 29. Re2 Ke6 30. Kf2 Ke5 31. Kf3 Ra3 32. Rb2 Kd5 33. Rd2+ Kc4 34. h4 b5 35. h5 b4 36. Ke4 Kc3 37. Rd7 Rxa2 38. Rc7+ Kb3 39. Rxg7 h6 40. Rg6 Rg2 41. Rxh6 Rxg3 42. Rxf6 Rh3 43. h6 a5 44. Kf5 a4 45.
Kg6 a3 46. e4 a2 47. Rf1 Kb2 48.
Rf2+ Kc3 49. Rxa2 Kd4 50. Rb2 b3 51. h7 Kxe4 52. Rxb3 Rg3+ 53. Kh6 Rxb3 54. h8=Q Rh3+ 55. Kg7 Rxh8 56. Kxh8 1/2-1/2

[Event "*** Titled Tuesday Blitz"]
[Site "Chess.com"]
[Date "2020.12.01"]
[Round "4"]
[White "Pilopa"]
[Black "esrosenberg"]
[Result "0-1"]
[WhiteElo "2449"]
[BlackElo "2220"]
[TimeControl "180+1"]
[EndTime "10:39:20 PST"]
[Termination "esrosenberg won on time"]

1. d4 Nf6 2. c4 e6 3. Nf3 d5 4.
Nc3 Bb4 5. e3 O-O 6. Bd2 b6 7.
cxd5 exd5 8. Bd3 c5 9. Rc1 Nc6 10. Nb5 Bg4 11. Bxb4 Nxb4 12. Be2 Nxa2 13. Ra1 Nb4 14.
Rxa7 Rxa7 15. Nxa7 c4 16. Nb5 Ne4 17. O-O h6 18.
Nc3 Re8 19. Qa4 Nd3 20. Nxd5 Nxb2 21. Qb5 c3 22. Nxb6 Bxf3 23. Bxf3 Nd2 24. Rc1 Nxf3+ 25.
gxf3 Re6 26. Rxc3 Rxb6 27. Qc5 Rg6+ 28. Kf1 Qh4 29. Qc8+ Kh7 30. Qf5 Qxh2 31. Ke2 Qh1 32. Qc2 Qa1 33. Rc7 Qa6+ 34. Kd2 Na4 35. Rxf7 Qa5+ 36.
Ke2 Qc3 37. Qxa4 Qb2+ 38. Kd3 Qb1+ 39. Qc2 Qb5+ 40. Qc4 Qb1+ 41. Kd2 Qb2+ 42. Qc2 Qb4+ 43. Ke2 Qb5+ 44. Kd2 Qb4+ 45. Kd1 Qb5 46. Rc7 Qf1+ 47.
Kd2 Qxf2+ 48. Kd3 Qxf3 49. Kc4 Qf6 50. Rc5 Qa6+ 0-1

[Event "*** Titled Tuesday Blitz"]
[Site "Chess.com"]
[Date "2020.12.01"]
[Round "4"]
[White "Shota_Azaladze"]
[Black "tomsishere"]
[Result "1-0"]
[WhiteElo "2634"]
[BlackElo "2419"]
[TimeControl "180+1"]
[EndTime "10:39:21 PST"]
[Termination "Shota_Azaladze won by resignation"]

1. b3 b6 2. Bb2 Bb7 3. Nf3 e6 4. e3 Nf6 5. Be2 Be7 6. O-O O-O 7. d3 c5 8. Nbd2 d5 9. Ne5 Nbd7 10. f4 Nxe5 11. fxe5 Nd7 12. Qe1 f6 13. exf6 Bxf6 14. Bxf6 Rxf6 15. Qg3 e5 16. Bg4 Rg6 17. Qh3 Nf6 18. Bf5 Rh6 19. Qg3 Qe7 20. e4 dxe4 21.
dxe4 Rd8 22. Rad1 Ba6 23. Rfe1 Nh5 24. Qc3 Nf4 25. Nc4 Rf8 26. g3 Ne6 27. Qxe5 Qf7 28. Nd6 Qf6 29. Qxf6 Rhxf6 30. Bxe6+ Rxe6 31. Rd2 Rfe8 32. Red1 Rd8 33. a4 Kf8 34. Kf2 c4 35. b4 Rf6+ 36.
Ke3 c3 37. Rd4 Rd7 38. b5 Bb7 39. Nxb7 Rxb7 40. Rd7 Rf7 41. Rxb7 Rxb7 42. Rd8+ Ke7 43. Rh8 h6 44. Kd4 Kd6 45. Rd8+ Ke6 46. Rc8 Re7 47.
Rc6+ Kf7 48. Rxc3 Rd7+ 49. Ke3 Ke6 50. Rc8 Ke5 51. c4 g5 52. c5 bxc5 53. Rxc5+ Ke6 54. Rc6+ Kf7 55. Rxh6 Kg7 56. Ra6 g4 57. Kf4 Rd2 58.
Kxg4 Rxh2 59. Rxa7+ Kf6 60. b6 Rb2 61. a5 Ke5 62. b7 Kxe4 63. a6 Ke5 64. Ra8 Rb4+ 65. Kh3 Kf5 1-0

[Event "*** Titled Tuesday Blitz"]
[Site "Chess.com"]
[Date "2020.12.01"]
[Round "4"]
[White "WelshTiger"]
[Black "ybruned"]
[Result "1-0"]
[WhiteElo "2460"]
[BlackElo "2293"]
[TimeControl "180+1"]
[EndTime "10:39:21 PST"]
[Termination "WelshTiger won on time"]

1. e4 c5 2. Nf3 d6 3. d4 cxd4 4.
Nxd4 Nf6 5. Nc3 a6 6. Be2 e6 7. g4 Nc6 8. g5 Nd7 9. f4 Be7 10. Be3 Nxd4 11. Qxd4 e5 12. Qd2 exf4 13. Bxf4 Ne5 14. Nd5 Be6 15. Nxe7 Qxe7 16. O-O-O Rd8 17. Qb4 Rd7 18. h4 O-O 19. h5 f6 20. gxf6 Qxf6 21. Be3 Bg4 22. Rhf1 Qe7 23. Rxf8+ Qxf8 24. Rf1 Qe7 25. Bc4+ Nxc4 26. Qxc4+ Be6 27. Qd4 d5 28. h6 dxe4 29. Qxe4 g6 30. Bd4 Bf5 31. Qf4 Qe4 32. Qxe4 Bxe4 33. Bg7 Bf5 34. Re1 Rc7 35. c3 g5 36. Re5 Bg6 37. Rxg5 Kf7 38. Re5 Rd7 39. b4 Rc7 40. Kb2 Rd7 41. a4 b6 42. Re3 Rc7 43.
Rf3+ Ke6 44. Rf6+ Kd5 45. Rxb6 Kc4 46. Rxa6 Rd7 47. Rc6+ Kd5 48. Rc5+ Ke4 49. Bd4 Rf7 50. Re5+ Kd3 51. a5 Rf1 52. a6 Kc4 53. a7 Rb1+ 54. Ka2 1-0

[Event "*** Titled Tuesday Blitz"]
[Site "Chess.com"]
[Date "2020.12.01"]
[Round "4"]
[White "CakeinSpace2002"]
[Black "JiiHart"]
[Result "1-0"]
[WhiteElo "2379"]
[BlackElo "2099"]
[TimeControl "180+1"]
[EndTime "10:39:21 PST"]
[Termination "CakeinSpace2002 won on time"]

1. c4 Nf6 2. Nc3 e5 3. g3 d5 4.
cxd5 Nxd5 5. Bg2 Nb6 6. Nf3 Nc6 7. O-O Be7 8. d3 O-O 9. Be3 Be6 10. a3 Nd5 11. Nxd5 Bxd5 12. b4 Nd4 13. Bxd4 exd4 14. Nd2 Bxg2 15. Kxg2 a5 16. Qb3 axb4 17. axb4 Qd6 18. b5 Qb4 19. Qxb4 Bxb4 20. Nf3 Bc3 21. Rac1 c5 22. bxc6 bxc6 23. e3 c5 24. Rc2 f6 25.
Nh4 g6 26. Nf3 Ra3 27. Rb1 Rfa8 28. Rb5 R3a5 29. Rxa5 Rxa5 30. exd4 cxd4 31. Re2 Kf7 32. Re4 Rd5 33. g4 h6 34. Kg3 Rd7 35. h4 g5 36.
h5 Re7 37. Rxe7+ Kxe7 38. Nh2 Ba5 39. Kf3 Bc7 40. Nf1 Bf4 41. Ke4 Be5 42. Nd2 Kd6 43.
Nc4+ Ke6 44. f3 Bh2 45. Kxd4 Bg1+ 46. Ke4 Ba7 47. d4 Bb8 48. d5+ Kf7 49. Kf5 Bf4 50. Na5 Bc7 51. Nc6 Bd6 52. Nd4 1-0

[Event "*** Titled Tuesday Blitz"]
[Site "Chess.com"]
[Date "2020.12.01"]
[Round "4"]
[White "AliKa2810"]
[Black "ChronicUnhappiness"]
[Result "0-1"]
[WhiteElo "2576"]
[BlackElo "2364"]
[TimeControl "180+1"]
[EndTime "10:39:22 PST"]
[Termination "ChronicUnhappiness won on time"]

1. d4 d5 2. c4 e6 3. Nc3 Bb4 4. a3 Bxc3+ 5. bxc3 c5 6. e3 Qa5 7. Nf3 cxd4 8. exd4 Nf6 9. Qb3 O-O 10. Bd3 b6 11.
O-O Ba6 12. Ne5 dxc4 13. Bxc4 Bxc4 14. Qxc4 Qd5 15. Qe2 Nc6 16. Bg5 Nxe5 17. dxe5 Ne4 18. Bf4 Nxc3 19. Qe3 Rfc8 20. h4 Qe4 21. Qxe4 Nxe4 22.
Rfe1 Rc4 23. Be3 h5 24. Rad1 Nc5 25. Bxc5 Rxc5 26. Rd7 a5 27. Re3 b5 28. Rf3 Rf8 29.
Re3 Rc4 30. g3 b4 31. axb4 axb4 32. Rb7 Rfc8 33. Rb3 R4c5 34. R3xb4 Rxe5 35. Rf4 Rf8 36. Kg2 g6 37. Rf3 Kg7 38. Rf4 Rf5 39. Rxf5 gxf5 40.
Kf3 Kf6 41. Ra7 Rb8 42. Rc7 Rb3+ 43. Kg2 Rb6 44. Ra7 e5 45. Rc7 e4 46. Ra7 Rb2 47. Kg1 Kg6 48. Ra6+ f6 49. Ra7 f4 50. gxf4 Kf5 51.
Re7 Kxf4 52. Re6 f5 53. Rf6 Kg4 54. Rf8 f4 55. Re8 Kf3 56. Rf8 Rb1+ 57. Kh2 Rf1 0-1

[Event "*** Titled Tuesday Blitz"]
[Site "Chess.com"]
[Date "2020.12.01"]
[Round "4"]
[White "RobertoJBM"]
[Black "pavelalexandru07"]
[Result "0-1"]
[WhiteElo "2679"]
[BlackElo "2355"]
[TimeControl "180+1"]
[EndTime "10:39:22 PST"]
[Termination "pavelalexandru07 won on time"]

1. d4 d5 2. e3 Nf6 3. Nf3 e6 4. Bd3 Bd6 5. O-O O-O 6. Nbd2 c6 7. e4 dxe4 8. Nxe4 Nxe4 9. Bxe4 Nd7 10. c3 Nf6 11. Bc2 h6 12. Re1 c5 13. Be3 b6 14.
dxc5 Bxc5 15. Bxc5 bxc5 16. Qxd8 Rxd8 17. Rad1 Bb7 18.
Ne5 Kf8 19. f3 Ke7 20. Kf2 Bd5 21. c4 Bb7 22. Ba4 Rac8 23. b3 Ne8 24. Bxe8 Kxe8 25. Ke3 f6 26. Nd3 Ke7 27. Rd2 e5 28. Red1 g6 29.
h4 Rd4 30. g3 Ke6 31. f4 Kd6 32. fxe5+ fxe5 33. Rf1 Re4+ 34. Kf2 Rf8+ 35. Kg1 Rxf1+ 36.
Kxf1 Rd4 37. Ke1 e4 38. Nf4 g5 39. hxg5 hxg5 40. Ng2 Ke5 41. Ne3 Bc8 42. Rh2 Rd3 43. Ke2 Kd4 44. Nc2+ Kc3 45. Kf1 Rd1+ 46. Ne1 e3 47.
Re2 Kd4 48. Kg2 Rd2 49. Nf3+ Kd3 50. Nxd2 exd2 51. Re8 d1=Q 52. Rxc8 Qe2+ 53. Kh3 Qe6+ 54. Kg2 Qxc8 0-1

[Event "*** Titled Tuesday Blitz"]
[Site "Chess.com"]
[Date "2020.12.01"]
[Round "4"]
[White "LamaChampetre"]
[Black "dopolian"]
[Result "0-1"]
[WhiteElo "2224"]
[BlackElo "2429"]
[TimeControl "180+1"]
[EndTime "10:39:23 PST"]
[Termination "dopolian won on time"]

1. d4 Nf6 2. c4 e6 3. Nf3 b6 4. g3 Bb4+ 5. Nbd2 Bb7 6. Bg2 O-O 7. O-O a5 8. Nb1 Ne4 9. c5 a4 10. Qc2 bxc5 11. Ng5 d5 12. Nxe4 dxe4 13. a3 Ba5 14.
dxc5 f5 15. Nc3 Bxc3 16. Qxc3 Bc6 17. Bf4 Nd7 18. Rfd1 Ra7 19. Rd2 Qe7 20. Rc1 e5 21.
Rxd7 Qxd7 22. Bxe5 Raa8 23. e3 Rad8 24. Bd4 Qf7 25.
Bf1 Rb8 26. Bc4 Bd5 27. Be2 c6 28. Rc2 Ra8 29. Qb4 Rfb8 30. Qc3 Rb3 31. Qd2 Qb7 32. h4 Qf7 33. Rc1 Rb7 34. Qc3 Bb3 35. Qd2 Rd7 36. Rc3 Rad8 37. Qc1 Kh8 38. Qe1 h6 39. h5 Qe8 40. Qc1 Bf7 41. Bc4 Bxh5 42. Bf1 Bf7 43.
Rc2 Bd5 44. Rc3 Qh5 45. Qc2 Rf7 46. Be2 Bb3 47. Qd2 Qg6 48. Rxb3 axb3 49. Bc4 Rfd7 50.
Qc3 Rxd4 51. exd4 Qf6 52. Bxb3 Qxd4 53. Qc1 Qd2 54. Qc4 e3 0-1

[Event "*** Titled Tuesday Blitz"]
[Site "Chess.com"]
[Date "2020.12.01"]
[Round "4"]
[White "Borsuk_Konstantin"]
[Black "Kaua18"]
[Result "0-1"]
[WhiteElo "2568"]
[BlackElo "2347"]
[TimeControl "180+1"]
[EndTime "10:39:24 PST"]
[Termination "Kaua18 won by resignation"]

1. d4 Nf6 2. c4 e6 3. Nc3 Bb4 4. Qc2 c5 5. dxc5 O-O 6. a3 Bxc5 7. Nf3 Qb6 8. e3 Be7 9. Bd3 a6 10. O-O Qc7 11. e4 d6 12. h3 b6 13. Bf4 Nbd7 14. b4 Bb7 15. Rfc1 Rac8 16. Be3 Bc6 17. b5 Bb7 18. bxa6 Bxa6 19. Qa4 Bxc4 20. Nb5 Bxb5 21.
Qxb5 Nc5 22. Nd4 Qd7 23. f3 Rc7 24. Qxd7 Nfxd7 25. Bb5 Bf6 26. Rab1 Ra7 27. Nc2 Rb8 28. Rd1 Be7 29. Nd4 Rxa3 30. Nc6 Rxe3 31. Nxb8 Nxb8 32. Ra1 Rb3 33. Ra8 Rxb5 34. Rxb8+ Bf8 35. Rxd6 e5 36.
Kh2 Ne6 37. Rdxb6 Rxb6 38. Rxb6 g6 39. g3 Kg7 40. Kg2 Kf6 41. Rb7 h5 42. Rb6 Bc5 43. Rc6 Be3 44. h4 Kg7 45. Ra6 Nd4 46. Ra3 Bc1 47. Ra5 Kf6 48. Ra6+ Kg7 49. Ra5 f6 50. Ra7+ Kf8 51. Ra6 Ke7 52. Ra7+ Kf8 53. Ra6 Kg7 54.
Ra7+ Kh6 55. Ra6 f5 56. Re6 Nxe6 0-1

[Event "*** Titled Tuesday Blitz"]
[Site "Chess.com"]
[Date "2020.12.01"]
[Round "4"]
[White "ARTHURMOTIVATOR"]
[Black "Xeniya2005"]
[Result "0-1"]
[WhiteElo "2240"]
[BlackElo "2435"]
[TimeControl "180+1"]
[EndTime "10:39:25 PST"]
[Termination "Xeniya2005 won on time"]

1. e4 e6 2. b3 d5 3. Bb2 d4 4. f4 c5 5. Nf3 Nc6 6. Bb5 Bd7 7. O-O a6 8. Bxc6 Bxc6 9. d3 g6 10.
Nbd2 Bg7 11. Nc4 b5 12. Nce5 Ne7 13. Nxc6 Nxc6 14. f5 exf5 15. exf5 O-O 16. Bc1 Ne7 17. fxg6 fxg6 18. Bg5 Qd7 19. Bxe7 Qxe7 20. Qe1 Qd6 21. Qh4 h6 22. Rae1 Rf7 23. Re4 Raf8 24. Qe1 g5 25. h3 Rf5 26. Re6 Qd5 27. Qe4 Qd7 28. Re1 Rf4 29. Qe2 a5 30. Re7 Qf5 31. Qe6+ Kh8 32. Qxf5 R4xf5 33. Ra7 h5 34. Rxa5 b4 35. Ra7 Kg8 36.
Ree7 Bf6 37. Rh7 g4 38. hxg4 hxg4 39. Nh4 Rg5 40. g3 Re8 41. Kg2 Re2+ 42. Kf1 Re8 43. Rhf7 Be5 44. Rf5 Rxf5+ 45. Nxf5 Rf8 46. Kg2 Rxf5 47.
Rd7 Rf3 48. Rd5 Rxg3+ 49. Kf2 Rf3+ 50. Kg2 Re3 51. Rxc5 g3 52. Rc4 Re2+ 53. Kf1 g2+ 0-1

[Event "*** Titled Tuesday Blitz"]
[Site "Chess.com"]
[Date "2020.12.01"]
[Round "4"]
[White "Beltraxtor"]
[Black "LPSupi"]
[Result "1-0"]
[WhiteElo "2564"]
[BlackElo "2885"]
[TimeControl "180+1"]
[EndTime "10:39:26 PST"]
[Termination "Beltraxtor won by resignation"]

1. e4 c5 2. Nf3 d6 3. Bb5+ Bd7 4.
Bxd7+ Nxd7 5. O-O Ngf6 6. Qe2 Rc8 7. c4 Ne5 8. b3 Nxf3+ 9. Qxf3 g6 10. Bb2 Bg7 11.
Nc3 Nd7 12. Qe2 O-O 13. Kh1 a6 14. f4 Rb8 15. d3 b5 16. Rf3 e6 17. Raf1 Re8 18.
Rh3 Rb7 19. Qd2 Nb8 20. Nd1 Bxb2 21. Qxb2 Nc6 22. Ne3 Nd4 23. Qf2 bxc4 24. dxc4 f5 25. Nc2 Qf6 26. Nxd4 Qxd4 27. Qxd4 cxd4 28. Rd3 e5 29.
fxe5 dxe5 30. exf5 gxf5 31. Rxf5 Rf7 32. Rxf7 Kxf7 33.
Kg1 Ke6 34. Kf2 Kf5 35. Ke2 Rd8 36. Rh3 Rd7 37. c5 e4 38. b4 e3 39. c6 Rc7 40.
Rh6 Ke4 41. Rh4+ Ke5 42. Kd3 Rxc6 43. Re4+ Kf5 44. Rxd4 e2 45. Kxe2 Rc2+ 46. Rd2 Rc4 47. Rb2 Re4+ 48. Kf2 Rf4+ 49. Kg1 Rc4 50. a4 Rc1+ 51.
Kf2 Ra1 52. b5 axb5 53. axb5 Ra2 54. Rxa2 1-0

[Event "*** Titled Tuesday Blitz"]
[Site "Chess.com"]
[Date "2020.12.01"]
[Round "4"]
[White "Kovalchuk94"]
[Black "MikeSailer"]
[Result "1-0"]
[WhiteElo "2562"]
[BlackElo "2160"]
[TimeControl "180+1"]
[EndTime "10:39:28 PST"]
[Termination "Kovalchuk94 won by resignation"]

1. e4 d5 2. exd5 Qxd5 3. Nc3 Qd6 4. d4 Nf6 5. Nf3 c6 6. Ne5 Nbd7 7. Nc4 Qc7 8. Qf3 Nb6 9. Bf4 Qd8 10. O-O-O Bg4 11.
Qe3 Bxd1 12. Nd6+ Qxd6 13. Bxd6 Nbd5 14. Nxd5 Nxd5 15. Qe1 Bg4 16. Bg3 e6 17. c3 O-O-O 18. Bd3 Bd6 19. f3 Bxg3 20. Qxg3 Bf5 21. Bxf5 exf5 22.
a3 g6 23. Re1 Rd7 24. Qh4 f6 25. c4 g5 26. Qh6 Nf4 27. Qxf6 Rhd8 28. Qxf5 Nxg2 29. Re7 h6 30. Qe6 Nf4 31. Qf5 Kc7 32. Rxd7+ Rxd7 33. Qe5+ Kc8 34. Kc2 b6 35. h4 Ng2 36. hxg5 hxg5 37. Kd3 Nf4+ 38. Kc3 Ng6 39. Qxg5 Ne7 40. Qg4 Kc7 41. Qe4 c5 42. Qf4+ Kb7 43. d5 Nc8 44. Qe5 Nd6 45. f4 Kc7 46. f5 Rf7 47. f6 Kd7 48. Qe6+ Kc7 49. b4 cxb4+ 50.
axb4 a5 51. bxa5 bxa5 52. c5 Nb5+ 53. Kc4 Na3+ 54. Kb3 Nb5 55. Qxf7+ 1-0

[Event "*** Titled Tuesday Blitz"]
[Site "Chess.com"]
[Date "2020.12.01"]
[Round "4"]
[White "Tejas_Rama"]
[Black "SergeyShtyka"]
[Result "0-1"]
[WhiteElo "2233"]
[BlackElo "2429"]
[TimeControl "180+1"]
[EndTime "10:39:28 PST"]
[Termination "SergeyShtyka won by checkmate"]

1. Nf3 c5 2. c4 Nc6 3. d4 cxd4 4. Nxd4 Nf6 5. Nc3 g6 6. e4 d6 7.
Be3 Bg7 8. Be2 O-O 9. O-O Nxd4 10.
Bxd4 Be6 11. Rc1 Rc8 12. b3 a6 13. f4 Qa5 14. f5 Bd7 15. g4 Bc6 16. Bf3 Ne8 17. g5 Bxd4+ 18. Qxd4 Qc5 19. Qxc5 dxc5 20. e5 gxf5 21. Bxc6 bxc6 22. Rxf5 Ng7 23. Rf3 Ne6 24. Ne4 Rcd8 25. h4 Rd4 26. Re1 Rfd8 27. Kf2 Kg7 28. Ng3 Rd2+ 29. Ke3 R8d3+ 30. Ke4 Rd4+ 31. Ke3 R4d3+ 32.
Ke4 Rxf3 33. Kxf3 Nd4+ 34. Ke4 Rxa2 35. b4 Nc2 36. Nf5+ Kg6 37. Nxe7+ Kh5 38. Re2 Nxb4 39.
Rxa2 Nxa2 40. Kf5 Nb4 41. Kf6 a5 42. Kxf7 a4 43. e6 a3 44. Ng8 a2 45. Nf6+ Kxh4 46. e7 a1=Q 47. e8=Q Qa7+ 48. Kg8 Kxg5 49. Qe5+ Kh4 50.
Qh5+ Kg3 51. Qg4+ Kf2 52. Ne4+ Ke3 53. Nf6 Qb8+ 54. Kf7 Qc7+ 55. Kg8 Qd8+ 56. Kg7 Qe7+ 57. Kh8 Qxf6+ 58. Kxh7 Qe7+ 59. Kg6 Qe4+ 60. Kh6 Qxg4 61. Kh7 Kf4 62. Kh8 Kf5 63. Kh7 Kf6 64. Kh8 Qg7# 0-1

[Event "*** Titled Tuesday Blitz"]
[Site "Chess.com"]
[Date "2020.12.01"]
[Round "4"]
[White "AsselLesbekova"]
[Black "GelmanAlexander"]
[Result "1/2-1/2"]
[WhiteElo "2317"]
[BlackElo "2573"]
[TimeControl "180+1"]
[EndTime "10:39:29 PST"]
[Termination "Game drawn by repetition"]

1. e4 c5 2. Nf3 e6 3. c4 a6 4. Nc3 d6 5. Be2 Nf6 6. d4 cxd4 7. Nxd4 b6 8. O-O Bb7 9. Bf3 Nbd7 10. Qc2 Ne5 11. Be2 Rc8 12. b3 h6 13. f4 Ned7 14.
Bf3 Qc7 15. Bb2 g5 16. e5 dxe5 17. Bxb7 Qxb7 18. fxe5 Bc5 19. exf6 Bxd4+ 20. Kh1 O-O 21. Ne2 Bxb2 22. Qxb2 b5 23. cxb5 Qxb5 24. Rad1 Ne5 25. Nd4 Qc5 26. Qe2 Rfd8 27. Nf3 Nxf3 28. Qxf3 Rxd1 29.
Rxd1 Qc3 30. Qf2 Rc5 31. h3 Rf5 32. Qb6 Qxf6 33. Qxa6 Rf2 34. Rg1 Qd4 35. Qa8+ Kg7 36. a4 Rb2 37. Qb7 Qd3 38. b4 Qb3 39. Rf1 e5 40. b5 e4 41. Qxe4 Ra2 42. Qe5+ Kg8 43. Qe8+ Kg7 44. Qe5+ Kg8 45. Qb8+ Kg7 46. b6 Rxa4 47.
b7 Rb4 48. Qe5+ Kg8 49. Qe8+ Kg7 50. Qe5+ Kg8 51. Qe8+ Kg7 52. Qe5+ 1/2-1/2